 Dungeon Crawl Stone Soup version 0.30-a0-12-gd8047c6341 (webtiles) character file.

Game seed: 13186012202675251354

14843 xian the Blocker (level 11, -8/88 HPs)
             Began as a Pale Draconian Wanderer on Aug 24, 2022.
             Was the Champion of Fedhas.
             Shot with a bolt by an orc knight (17 damage)
             ... on level 2 of the Orcish Mines.
             The game lasted 00:45:27 (12517 turns).

xian the Blocker (Pale Draconian Wanderer)         Turns: 12517, Time: 00:45:27

Health: -8/88      AC: 14    Str: 14    XL:     11   Next: 94%
Magic:  12/12      EV: 14    Int: 13    God:    Fedhas [******]
Gold:   1171       SH: 13    Dex: 15    Spells: 11/12 levels left

rFire   . . .      SeeInvis .    l - +2 mace (drain)
rCold   . . .      Faith    +    f - +1 kite shield
rNeg    . . .      Spirit   .    (body armour unavailable)
rPois   .          Reflect  .    b - +1 hat
rElec   .          Harm     .    (no cloak)
rCorr   .          Rampage  .    q - +1 pair of gloves
Will    +....                    (no boots)
Stlth   ++++......               D - amulet of faith
HPRegen 0.24/turn                o - ring of Nugiasud {+Blink Will+}
MPRegen 0.13/turn                t - +4 ring of protection

@: invisible
A: breathe steam, AC +7, unfitting armour, cold-blooded, steam resistance
a: Breathe Steam, Renounce Religion, Evoke Blink, Wall of Briars, Grow
Ballistomycete, Overgrow, Grow Oklob


You were on level 2 of the Orcish Mines.
You worshipped Fedhas.
Fedhas was exalted by your worship.
You visited 2 branches of the dungeon, and saw 11 of its levels.

You collected 1269 gold pieces.
You spent 98 gold pieces at shops.

Inventory:

Hand Weapons
 l - a +2 mace of draining (weapon)
Missiles
 e - 5 javelins
 h - 7 curare-tipped darts
 u - 23 poisoned darts (quivered)
 x - 2 throwing nets
Armour
 b - a +1 hat (worn)
 f - a +1 kite shield (worn)
 q - a +1 pair of gloves (worn)
Jewellery
 o - the ring of Nugiasud (left hand) {+Blink Will+}
   (You found it on level 2 of the Dungeon)

   [ring of willpower]

   +Blink:    It lets you blink.
   Will:      It increases your willpower.
 t - a +4 ring of protection (right hand)
 D - an amulet of faith (around neck)
Wands
 g - a wand of polymorph (2)
 A - a wand of flame (11)
 E - a wand of iceblast (6)
Scrolls
 c - 2 scrolls of vulnerability
 k - 4 scrolls of poison
 m - 2 scrolls of magic mapping
 n - 2 scrolls of enchant armour
 p - 2 scrolls of immolation
 r - 2 scrolls of blinking
 s - 7 scrolls of teleportation
 w - 2 scrolls of summoning
Potions
 a - 2 potions of flight
 i - 3 potions of curing
 j - 2 potions of cancellation
 z - a potion of lignification
Miscellaneous
 y - a phial of floods
 B - a phantom mirror


   Skills:
 + Level 5.6 Fighting
 + Level 9.9 Maces & Flails
 + Level 2.3 Throwing
 + Level 7.3 Dodging
 * Level 8.3 Stealth
 * Level 11.4 Shields
 + Level 1.2 Spellcasting
 + Level 2.2 Conjurations
 + Level 1.0 Invocations
 + Level 1.8 Evocations


You had 11 spell levels left.
You knew the following spells:

 Your Spells              Type           Power      Damage    Failure   Level
a - Shock                 Conj/Air       12%        1d3       34%         1

Your spell library contained the following spells:

 Spells                   Type           Power      Damage    Failure   Level
 Beastly Appendage        Tmut           0%         N/A       50%         1
 Wereblood                Tmut           0%         N/A       65%         2
 Mephitic Cloud           Conj/Pois/Air  2%         N/A       77%         3
 Spider Form              Tmut/Pois      0%         N/A       86%         3
 Swiftness                Air            0%         N/A       86%         3
 Airstrike                Air            0%         2d(0-16)  99%         4
 Petrify                  Tmut/Erth      0%         N/A       99%         4
 Metabolic Englaciation   Hex/Ice        0%         N/A       100%        5
 Statue Form              Tmut/Erth      0%         N/A       100%        6


Dungeon Overview and Level Annotations

Branches:
Dungeon (9/15)             Temple (0/1) D:5             Orc (2/2) D:9
    Elf (0/3) Orc:2
   Lair: D:8-11

Altars:
Ashenzari
Dithmenos
Elyvilon
Fedhas
Gozag
Kikubaaqudgha
Sif Muna
Vehumet
Yredelemnul

Shops:
Orc:1 *

Annotations:
D:5 3 runed translucent doors, Adrian566's ghost, amateur HOMo
Orc:2 1 runed translucent door, Stellion's ghost, journeyman SpEn


Innate Abilities, Weirdness & Mutations

You can breathe blasts of scalding, opaque steam.
Your pale cyan-grey scales are hard. (AC +7)
You cannot fit into any form of body armour.
You are cold-blooded and may be slowed by cold attacks.
You are immune to the effects of steam.


Message History

Press: ? - help, Shift-Dir - straight line, f/p - orc knight
Aim: an orc knight, wielding a +0 arbalest and wearing a +0 plate armour (moderately wounded, 74% to hit)
You exhale a blast of scalding steam.
Unknown command.
The orc knight shoots a bolt.
The bolt hits you!!
The orc knight unwields a +0 arbalest.
The orc knight wields a +2 battleaxe.
The orc knight hits you but does no damage.
You hit the orc knight but do no damage.
You drain the orc knight.
The orc knight is heavily wounded.
You barely miss the orc knight.
The orc knight is heavily wounded.
The orc knight barely misses you.
The orc knight unwields a +2 battleaxe.
The orc knight wields a +0 arbalest.
The orc knight shoots a bolt.
The bolt misses you.
The orc knight shoots a bolt.
The bolt hits you!
* * * LOW HITPOINT WARNING * * *
You have got your breath back.
Aiming: Breathe Steam (1% risk of failure)
Press: ? - help, Shift-Dir - straight line, f/p - orc knight
Aim: an orc knight, wielding a +0 arbalest and wearing a +0 plate armour (moderately wounded, lightly drained, 74% to hit)
You exhale a blast of scalding steam.
The ball of steam hits the orc knight.
The orc knight is heavily wounded.
The orc knight is engulfed in a cloud of scalding steam.
You barely miss the orc knight.
The orc knight is heavily wounded.
The orc knight unwields a +0 arbalest.
The orc knight wields a +2 battleaxe.
You block the orc knight's attack.
The orc knight attacks as you move away!
You block the orc knight's attack.
The orc knight is engulfed in a cloud of scalding steam.
The orc knight unwields a +2 battleaxe.
The orc knight wields a +0 arbalest.
The orc knight shoots a bolt.
You block the bolt.
You have got your breath back.
The orc knight shoots a bolt.
The bolt hits you!!
* * * LOW HITPOINT WARNING * * *
You fade into invisibility!
The orc knight shoots a bolt.
The bolt hits you!
You die...
Fedhas appreciates your contribution to the ecosystem.

##.)###....#...#
#...###........##
##...##.........##
##...#........#.## ####
##................####.##
#..................#....)
##....)..).....).).).))..
#...<........ยง.......#...
#.......@..o#.......###..
#................#.######
#........).)......##.#.#.
#........).....#........#
#..).......)......##.#.#.
##.)......)..#......###..
#.........)#######.......
#.........)#!....#.......
#..........#$~~~~+......#


You could see an orc knight (unable to see you, drained).

Vanquished Creatures
  Josephine (Orc:1)
  4 two-headed ogres
  An orc high priest (Orc:2)
  2 orc knights (Orc:2)
  A cyclops (Orc:1)
  3 trolls
  2 shadows (D:9)
  6 yaks (D:7)
  2 wyverns
  4 wraiths
  A steam dragon (D:6)
  An acid dragon (D:8)
  A warg (Orc:1)
  3 water moccasins
  2 sky beasts (D:7)
  26 orc warriors
  9 ogres
  3 centaurs
  4 kobold brigands
  4 gnoll sergeants (D:9)
  A bullfrog (D:8)
  3 scorpions
  5 wights (D:9)
  3 killer bees (D:8)
  A howler monkey (D:8)
  A jelly (D:4)
  A quasit (D:5)
  27 orc priests
  6 hounds
  2 gnoll boudas
  3 iguanas
  Jessica (D:2)
  13 orc wizards
  14 gnolls
  4 adders
  A shadow imp (D:5)
  4 white imps
  An ufetubus (D:5)
  79 orcs
  9 ball pythons
  4 bats
  7 endoplasms
  2 giant cockroaches
  4 goblins
  5 hobgoblins
  2 jackals (D:5)
  7 kobolds
  3 quokkas
  3 frilled lizards
  3 rats
299 creatures vanquished.

Vanquished Creatures (others)
  3 demonic plants (D:5)
  3 fungi (D:1)
  A plant (D:1)
7 creatures vanquished.

Grand Total: 306 creatures vanquished

Notes
Turn   | Place    | Note
-------+----------+-------------------------------------------
     0 | D:1      | xian the Draconian Wanderer began the quest for the Orb.
     0 | D:1      | xian set off with the following items: a +2 mace, a +0 hat,
                  | a scroll of vulnerability; and the following spell
                  | memorised: Shock; and the following spells available to
                  | memorise: Mephitic Cloud.
     0 | D:1      | Reached XP level 1. HP: 14/14 MP: 2/2
   364 | D:1      | Reached XP level 2. HP: 20/20 MP: 3/3
   455 | D:1      | Found a faded altar of an unknown god.
   465 | D:1      | Got Plato's Codex of Ozone
   466 | D:1      | Prayed at the altar of an unknown god.
   466 | D:1      | Became a worshipper of Fedhas Madash
   466 | D:1      | Reached * piety under Fedhas
   842 | D:2      | Noticed Jessica
   849 | D:2      | Killed Jessica
   850 | D:2      | Reached XP level 3. HP: 3/26 MP: 4/4
  1689 | D:2      | Identified the ring of Nugiasud {+Blink Will+}
  1712 | D:2      | Reached skill level 1 in Shields
  2020 | D:3      | Reached XP level 4. HP: 31/34 MP: 5/5
  2022 | D:3      | Reached skill level 1 in Stealth
  2238 | D:3      | You fall into a shaft and drop 2 floors!
  2238 | D:5      | Entered Level 5 of the Dungeon
  2257 | D:5      | Reached skill level 5 in Maces & Flails
  2326 | D:5      | Found a runed translucent gate.
  2327 | D:5      | Found a runed translucent gate.
  2327 | D:5      | Found a runed translucent gate.
  2329 | D:5      | Noticed Adrian566's ghost (amateur HOMo)
  2387 | D:3      | Reached ** piety under Fedhas
  2388 | D:3      | Reached skill level 1 in Fighting
  2388 | D:3      | Reached XP level 5. HP: 38/40 MP: 6/6
  3069 | D:4      | Reached skill level 2 in Shields
  3088 | D:4      | Reached XP level 6. HP: 17/47 MP: 7/7
  4050 | D:5      | Reached skill level 3 in Shields
  4218 | D:5      | Your scales start taking on a pale cyan-grey colour.
  4218 | D:5      | Reached XP level 7. HP: 36/53 MP: 8/8
  4218 | D:5      | Gained mutation: You are immune to the effects of steam.
                  | [Pale Draconian growth]
  4480 | D:5      | Found an opulent altar of Gozag.
  4527 | D:5      | Reached *** piety under Fedhas
  4544 | D:5      | Reached skill level 4 in Shields
  4553 | D:5      | Found a staircase to the Ecumenical Temple.
  5006 | D:5      | Found a blossoming altar of Fedhas.
  5218 | D:6      | Reached XP level 8. HP: 46/61 MP: 9/9
  5282 | D:6      | Reached skill level 5 in Shields
  5332 | D:6      | Reached skill level 1 in Throwing
  5614 | D:6      | Found a shadowy altar of Dithmenos.
  5619 | D:6      | Reached skill level 6 in Shields
  6299 | D:7      | Found a basalt altar of Yredelemnul.
  6389 | D:7      | Reached XP level 9. HP: 42/68 MP: 10/10
  6643 | D:7      | Found an ancient bone altar of Kikubaaqudgha.
  6658 | D:7      | Reached **** piety under Fedhas
  6736 | D:7      | Reached skill level 5 in Stealth
  6736 | D:7      | Reached skill level 7 in Shields
  6746 | D:7      | Reached skill level 5 in Dodging
  7072 | D:8      | Noticed a two-headed ogre
  7086 | D:8      | Killed a two-headed ogre
  7087 | D:8      | Reached skill level 8 in Shields
  7414 | D:8      | Reached XP level 10. HP: 15/77 MP: 9/11
  7824 | D:8      | Found a radiant altar of Vehumet.
  7831 | D:8      | Reached skill level 1 in Evocations
  8162 | D:9      | Noticed a two-headed ogre
  8170 | D:9      | Killed a two-headed ogre
  8209 | D:9      | Noticed a two-headed ogre
  8231 | D:9      | Killed a two-headed ogre
  8408 | D:9      | Found a white marble altar of Elyvilon.
  8841 | D:9      | Found a broken altar of Ashenzari.
  8863 | D:9      | Found a shimmering blue altar of Sif Muna.
  8938 | D:9      | Reached skill level 9 in Shields
  9197 | D:9      | Found a staircase to the Orcish Mines.
  9247 | D:9      | Reached ***** piety under Fedhas
  9254 | D:9      | Reached XP level 11. HP: 51/85 MP: 12/12
  9402 | Orc:1    | Entered Level 1 of the Orcish Mines
  9415 | Orc:1    | Noticed a two-headed ogre
  9429 | D:9      | Killed a two-headed ogre
 10017 | Orc:1    | Reached skill level 5 in Fighting
 10017 | Orc:1    | Reached skill level 10 in Shields
 10293 | Orc:1    | Noticed Josephine
 10363 | Orc:1    | Killed Josephine
 10741 | Orc:1    | Found Dewil's General Store.
 10752 | Orc:1    | Bought 5 curare-tipped darts for 42 gold pieces
 10752 | Orc:1    | Bought a scroll of identify for 28 gold pieces
 10752 | Orc:1    | Bought a scroll of identify for 28 gold pieces
 10884 | Orc:2    | Entered Level 2 of the Orcish Mines
 11042 | Orc:2    | Found a staircase to the Elven Halls.
 11372 | Orc:2    | Reached ****** piety under Fedhas
 11391 | Orc:2    | Noticed an orc high priest
 11829 | Orc:2    | Killed an orc high priest
 11830 | Orc:2    | Reached skill level 11 in Shields
 12093 | Orc:2    | Found a runed translucent door.
 12094 | Orc:2    | Noticed Stellion's ghost (journeyman SpEn)
 12131 | Orc:2    | Noticed an orc knight
 12152 | Orc:2    | Killed an orc knight
 12289 | Orc:2    | Noticed an orc knight
 12378 | Orc:2    | Killed an orc knight
 12488 | Orc:2    | Noticed an orc knight
 12517 | Orc:2    | Shot with a bolt by an orc knight

Illustrated notes

Levels and vault maps discovered:
D:1:      lightli_arrival_lavapool, layout_basic,
          shapermc_ecumenical_altar_rom_forum
D:2:      layout_loops_ring, uniq_jessica
D:3:      layout_rooms
D:4:      layout_basic, minmay_misc_feat_secret_circle
D:5:      layout_basic, grunt_gozag_breadcrumbs, kennysheep_little_box,
          minmay_temple_entry_sparse_star, ebering_ghost_rock_garden,
          serial_demonic, serial_demonic_d, serial_demonic_a, serial_demonic_c,
          serial_demonic_e
D:6:      layout_rooms, nicolae_dithmenos_the_darkroom
D:7:      layout_loops_ring, lemuel_doored_altar,
          mainiacjoe_overflow_tiny_flanked
D:8:      layout_layer_cave, nicolae_vehumet_altar_sigil
D:9:      layout_roguey, evilmike_ruin_ashenzari,
          mainiacjoe_overflow_cross_hatched, elyvilon_altar_5,
          kennysheep_orc_monster_closet_entryway
Orc:1:    layout_caves, serial_shops, shop, uniq_josephine
Orc:2:    st_orc_pillars, layout_caves, ebering_ghost_reflecting_pool,
          minmay_orc_keep

Skill      XL: |  1  2  3  4  5  6  7  8  9 10 11 |
---------------+----------------------------------+-----
Shields        | 1 2 3 4 6 8 9 11 | 11.4
Dodging        | 2 3 4 5 6 7 |  7.3
Stealth        | 1 2 3 4 6 7 8 |  8.3
Maces & Flails | 5 6 7 8 9 |  9.9
Fighting       | 1 2 3 4 5 |  5.6
Throwing       | 1 2 |  2.3
Evocations     | 1 |  1.8
Spellcasting   | |  1.2
Conjurations   | |  2.2
Invocations    | |  1.0

Action                   |  1- 3 |  4- 6 |  7- 9 | 10-12 || total
-------------------------+-------+-------+-------+-------++-------
Melee: Mace              |    83 |   165 |   186 |   327 ||   761
       Tailslap          |    10 |    24 |    31 |    52 ||   117
Throw: Dart              |       |     5 |    11 |    22 ||    38
       Javelin           |       |     3 |       |       ||     3
 Cast: Shock             |     5 |       |       |       ||     5
Invok: Wall of Briars    |       |       |       |     3 ||     3
 Abil: Breathe Steam     |       |       |    29 |    91 ||   120
       Evoke Blink       |       |       |     2 |     3 ||     5
  Use: Potion            |       |     6 |       |     3 ||     9
       Scroll            |       |     9 |     4 |     7 ||    20
 Stab: Sleeping          |     2 |     4 |     2 |     1 ||     9
       Distracted        |       |       |       |     1 ||     1
Armor: Skin              |    24 |    62 |   111 |   105 ||   302
Dodge: Dodged            |    41 |    70 |   121 |   199 ||   431
Block: Kite shield       |    33 |    66 |   118 |   294 ||   511

Table legend: (Time is in decaauts)
 A = Elapsed time spent in this place.
 B = Non-inter-level travel time spent in this place.
 C = Inter-level travel time spent in this place.
 D = Time resting spent in this place.
 E = Time spent auto-exploring this place.
 F = Levels seen in this place.
 G = Mean time per level.
                   A        B        C        D        E       F      G
               +--------+--------+--------+--------+--------+-----+--------+
         Total |  12709 |  12521 |    188 |    235 |   8716 |  11 | 1155.4 |
       Dungeon |  10215 |  10027 |    188 |      0 |   7481 |   9 | 1135.0 |
  Orcish Mines |   2494 |   2494 |      0 |    235 |   1235 |   2 | 1247.0 |
               +--------+--------+--------+--------+--------+-----+--------+

Top non-repeatable levels by time:
     D:9: 1948 daAuts
   Orc:2: 1638 daAuts
     D:5: 1425 daAuts
     D:2: 1327 daAuts
     D:8: 1103 daAuts
     D:6: 1028 daAuts
     D:4: 1015 daAuts
   Orc:1: 855 daAuts
     D:7: 819 daAuts
     D:3: 818 daAuts
     D:1: 727 daAuts
